Workbook
Name IndicateurPourcent: MIAE!$AT$1
Name ListeCatégorie: Installation!$B$5:$B$11
Name ListeEmployés: Installation!$C$5:$C$11
Name TitreColonne1: MIAE!$B$6
Name TitreColonne2: TableauCatégorieetEmployé[[#Headers],[Nom de la catégorie]]

Sheet Installation
B1: Installation
B4: Nom de la catégorie | C4: Nom de l’employé
B5: DGA A/UCAF/SPEBCG | C5: ALIKER Jean-François
B6: DGA A/UCAF/SPEBCG | C6: BADOL Virginie
B7: DGA A/UCAF/SPEBCG | C7: DELAMBRE Monique
B8: DGA A/UCAF/SPEBCG | C8: DESCHAMPS Chantal
B9: DGA A/UCAF/SPEBCG | C9: DESERT Danièle
B10: DGA A/UCAF/SPEBCG | C10: MARTOT Fabrina
B11: DGA A/UCAF/SPEBCG | C11: PETIT Audrey

Sheet MIAE
B1: DDEE - Mission Innovation et Animation Economique (MIAE) | AT1: 0.25
B4: 2019 | D4: TIERS | F4: OPERATION | H4: IMPUTATION | O4: DELIBERATION / ARRETE | Q4: MONTANT TOTAL A ENGAGER | U4: PRE-ENGAGEMENT | Z4: PRE-MANDATEMENT | AE4: MANDATEMENT | AJ4: TITRE DE RECETTE | AN4: CONTRÔLE DE GESTION
F5: OPERATION | R5: ECHEANCIER | AP5: DELAI DE TRAITEMENT
B6: Date de réception | C6: Date CE | D6: Code1 | E6: Raison social | F6: Code2 | G6: Libellé | H6: Châpitre | I6: Article | J6: Fonction | K6: Code AP/EP/CP | L6: Code nature analytique | M6: Description nature analytique | N6: Type AP/EP/CP | O6: N° | P6: Intitulé | Q6: Montant | R6: 2 019 | S6: 2 020 | T6: 2 021 | U6: Pièces jointes1 | V6: Observation pièces1 | W6: N° Pré-engagement | X6: Date pré-Engagement | Y6: Date validation Engagement | Z6: Pièces jointes2 | AA6: Observation pièces2 | AB6: N° Pré-mandatement | AC6: Date Pré-mandatement | AD6: Montant2 | AE6: N° BJ | AF6: N° mandat | AG6: Date mandat | AH6: Date de paiement | AI6: Montant3 | AJ6: N° Titre de recette | AK6: Date Titre de recette | AL6: Montant4 | AM6: Observation2 | AN6: Affecté à | AO6: Traité par | AP6: Estimé Début | AQ6: Estimé Fin | AR6: Durée estimée (en jours) | AS6: Réel Début | AT6: Réel Fin | AU6: Indicateur durée réelle excédentaire/déficitaire (en jour) | AV6: Durée réelle (en jours) | AW6: Colonne1
A7: 1 | B7: 43445 | Q7: =SUM(SuiviActions[[#This Row],[2 019]:[2 021]]) -> 0 | AN7: Employé 1 | AO7: Employé 1 | AP7: =SuiviActions[[#This Row],[Date de réception]] -> 43445 | AQ7: =SuiviActions[[#This Row],[Estimé Début]]+10 -> 43455 | AR7: =IF(COUNTA(MIAE!$AP7,MIAE!$AQ7)<>2,"",DAYS360(MIAE!$AP7,MIAE!$AQ7,FALSE)) -> 10 | AS7: =TODAY()+3 -> 43450 | AT7: =TODAY()+5 -> 43452 | AU7: =IFERROR(IF(SuiviActions[Durée réelle (en jours)]=0,"",IF(ABS((SuiviActions[[#This Row],[Durée réelle (en jours)]]-SuiviActions[[#This Row],[Durée estimée (en jours)]])/SuiviActions[[#This Row],[Durée estimée (en jours)]])>IndicateurPourcent,1,0)),"") -> 1 | AV7: =IF(COUNTA(MIAE!$AS7,MIAE!$AT7)<>2,"",DAYS360(MIAE!$AS7,MIAE!$AT7,FALSE)) -> 2 | AX7: PRE-ENGAGEMENT | BA7: ENGAGEMENT
A8: 2 | Q8: =SUM(SuiviActions[[#This Row],[2 019]:[2 021]]) -> 0 | AN8: Employé 1 | AO8: Employé 1 | AP8: =SuiviActions[[#This Row],[Date de réception]] -> 0 | AQ8: =SuiviActions[[#This Row],[Estimé Début]]+10 -> 10 | AR8: =IF(COUNTA(MIAE!$AP8,MIAE!$AQ8)<>2,"",DAYS360(MIAE!$AP8,MIAE!$AQ8,FALSE)) -> 10 | AS8: =TODAY()+6 -> 43453 | AT8: =TODAY()+10 -> 43457 | AU8: =IFERROR(IF(SuiviActions[Durée réelle (en jours)]=0,"",IF(ABS((SuiviActions[[#This Row],[Durée réelle (en jours)]]-SuiviActions[[#This Row],[Durée estimée (en jours)]])/SuiviActions[[#This Row],[Durée estimée (en jours)]])>IndicateurPourcent,1,0)),"") -> 1 | AV8: =IF(COUNTA(MIAE!$AS8,MIAE!$AT8)<>2,"",DAYS360(MIAE!$AS8,MIAE!$AT8,FALSE)) -> 4 | AX8: Nombre | AY8: Montant | BA8: Nombre | BB8: Montant total | BC8: 2019 | BD8: 2020 | BE8: 2021
A9: 3 | Q9: =SUM(SuiviActions[[#This Row],[2 019]:[2 021]]) -> 0 | AN9: Employé 1 | AO9: Employé 1 | AP9: =SuiviActions[[#This Row],[Date de réception]] -> 0 | AQ9: =SuiviActions[[#This Row],[Estimé Début]]+10 -> 10 | AR9: =IF(COUNTA(MIAE!$AP9,MIAE!$AQ9)<>2,"",DAYS360(MIAE!$AP9,MIAE!$AQ9,FALSE)) -> 10 | AS9: =TODAY()+5 -> 43452 | AT9: =TODAY()+9 -> 43456 | AU9: =IFERROR(IF(SuiviActions[Durée réelle (en jours)]=0,"",IF(ABS((SuiviActions[[#This Row],[Durée réelle (en jours)]]-SuiviActions[[#This Row],[Durée estimée (en jours)]])/SuiviActions[[#This Row],[Durée estimée (en jours)]])>IndicateurPourcent,1,0)),"") -> 1 | AV9: =IF(COUNTA(MIAE!$AS9,MIAE!$AT9)<>2,"",DAYS360(MIAE!$AS9,MIAE!$AT9,FALSE)) -> 4 | AY9: =Q22 -> 0 | BB9: =Q22 -> 0 | BC9: =R22 -> 0 | BD9: =S22 -> 0 | BE9: =T22 -> 0
A10: 4 | Q10: =SUM(SuiviActions[[#This Row],[2 019]:[2 021]]) -> 0 | AN10: Employé 1 | AO10: Employé 1 | AP10: =SuiviActions[[#This Row],[Date de réception]] -> 0 | AQ10: =SuiviActions[[#This Row],[Estimé Début]]+10 -> 10 | AR10: =IF(COUNTA(MIAE!$AP10,MIAE!$AQ10)<>2,"",DAYS360(MIAE!$AP10,MIAE!$AQ10,FALSE)) -> 10 | AS10: =TODAY()+2 -> 43449 | AT10: =TODAY()+2 -> 43449 | AU10: =IFERROR(IF(SuiviActions[Durée réelle (en jours)]=0,"",IF(ABS((SuiviActions[[#This Row],[Durée réelle (en jours)]]-SuiviActions[[#This Row],[Durée estimée (en jours)]])/SuiviActions[[#This Row],[Durée estimée (en jours)]])>IndicateurPourcent,1,0)),"") | AV10: =IF(COUNTA(MIAE!$AS10,MIAE!$AT10)<>2,"",DAYS360(MIAE!$AS10,MIAE!$AT10,FALSE)) -> 0
A11: 5 | Q11: =SUM(SuiviActions[[#This Row],[2 019]:[2 021]]) -> 0 | AN11: Employé 1 | AO11: Employé 1 | AP11: =SuiviActions[[#This Row],[Date de réception]] -> 0 | AQ11: =SuiviActions[[#This Row],[Estimé Début]]+10 -> 10 | AR11: =IF(COUNTA(MIAE!$AP11,MIAE!$AQ11)<>2,"",DAYS360(MIAE!$AP11,MIAE!$AQ11,FALSE)) -> 10 | AS11: =TODAY()+4 -> 43451 | AT11: =TODAY()+15 -> 43462 | AU11: =IFERROR(IF(SuiviActions[Durée réelle (en jours)]=0,"",IF(ABS((SuiviActions[[#This Row],[Durée réelle (en jours)]]-SuiviActions[[#This Row],[Durée estimée (en jours)]])/SuiviActions[[#This Row],[Durée estimée (en jours)]])>IndicateurPourcent,1,0)),"") -> 0 | AV11: =IF(COUNTA(MIAE!$AS11,MIAE!$AT11)<>2,"",DAYS360(MIAE!$AS11,MIAE!$AT11,FALSE)) -> 11 | AX11: PRE-MANDATEMENT | BA11: MANDAT
A12: 6 | Q12: =SUM(SuiviActions[[#This Row],[2 019]:[2 021]]) -> 0 | AN12: Employé 1 | AO12: Employé 1 | AP12: =SuiviActions[[#This Row],[Date de réception]] -> 0 | AQ12: =SuiviActions[[#This Row],[Estimé Début]]+10 -> 10 | AR12: =IF(COUNTA(MIAE!$AP12,MIAE!$AQ12)<>2,"",DAYS360(MIAE!$AP12,MIAE!$AQ12,FALSE)) -> 10 | AS12: =TODAY()+9 -> 43456 | AT12: =TODAY()+22 -> 43469 | AU12: =IFERROR(IF(SuiviActions[Durée réelle (en jours)]=0,"",IF(ABS((SuiviActions[[#This Row],[Durée réelle (en jours)]]-SuiviActions[[#This Row],[Durée estimée (en jours)]])/SuiviActions[[#This Row],[Durée estimée (en jours)]])>IndicateurPourcent,1,0)),"") -> 0 | AV12: =IF(COUNTA(MIAE!$AS12,MIAE!$AT12)<>2,"",DAYS360(MIAE!$AS12,MIAE!$AT12,FALSE)) -> 12 | AX12: Nombre | AY12: Montant | BA12: Nombre | BB12: Montant | BC12: en % / montant engagé
A13: 7 | Q13: =SUM(SuiviActions[[#This Row],[2 019]:[2 021]]) -> 0 | AN13: Employé 1 | AO13: Employé 1 | AP13: =SuiviActions[[#This Row],[Date de réception]] -> 0 | AQ13: =SuiviActions[[#This Row],[Estimé Début]]+10 -> 10 | AR13: =IF(COUNTA(MIAE!$AP13,MIAE!$AQ13)<>2,"",DAYS360(MIAE!$AP13,MIAE!$AQ13,FALSE)) -> 10 | AS13: 43459 | AT13: =TODAY()+22 -> 43469 | AU13: =IFERROR(IF(SuiviActions[Durée réelle (en jours)]=0,"",IF(ABS((SuiviActions[[#This Row],[Durée réelle (en jours)]]-SuiviActions[[#This Row],[Durée estimée (en jours)]])/SuiviActions[[#This Row],[Durée estimée (en jours)]])>IndicateurPourcent,1,0)),"") -> 0 | AV13: =IF(COUNTA(MIAE!$AS13,MIAE!$AT13)<>2,"",DAYS360(MIAE!$AS13,MIAE!$AT13,FALSE)) -> 9 | AY13: =AD22 -> 0 | BB13: =AI22 -> 0
A14: 8 | Q14: =SUM(SuiviActions[[#This Row],[2 019]:[2 021]]) -> 0 | AN14: Employé 1 | AO14: Employé 1 | AP14: =SuiviActions[[#This Row],[Date de réception]] -> 0 | AQ14: =SuiviActions[[#This Row],[Estimé Début]]+10 -> 10 | AR14: =IF(COUNTA(MIAE!$AP14,MIAE!$AQ14)<>2,"",DAYS360(MIAE!$AP14,MIAE!$AQ14,FALSE)) -> 10 | AS14: 43459 | AT14: =TODAY()+22 -> 43469 | AU14: =IFERROR(IF(SuiviActions[Durée réelle (en jours)]=0,"",IF(ABS((SuiviActions[[#This Row],[Durée réelle (en jours)]]-SuiviActions[[#This Row],[Durée estimée (en jours)]])/SuiviActions[[#This Row],[Durée estimée (en jours)]])>IndicateurPourcent,1,0)),"") -> 0 | AV14: =IF(COUNTA(MIAE!$AS14,MIAE!$AT14)<>2,"",DAYS360(MIAE!$AS14,MIAE!$AT14,FALSE)) -> 9
A15: 9 | Q15: =SUM(SuiviActions[[#This Row],[2 019]:[2 021]]) -> 0 | AN15: Employé 1 | AO15: Employé 1 | AP15: =SuiviActions[[#This Row],[Date de réception]] -> 0 | AQ15: =SuiviActions[[#This Row],[Estimé Début]]+10 -> 10 | AR15: =IF(COUNTA(MIAE!$AP15,MIAE!$AQ15)<>2,"",DAYS360(MIAE!$AP15,MIAE!$AQ15,FALSE)) -> 10 | AS15: 43459 | AT15: =TODAY()+22 -> 43469 | AU15: =IFERROR(IF(SuiviActions[Durée réelle (en jours)]=0,"",IF(ABS((SuiviActions[[#This Row],[Durée réelle (en jours)]]-SuiviActions[[#This Row],[Durée estimée (en jours)]])/SuiviActions[[#This Row],[Durée estimée (en jours)]])>IndicateurPourcent,1,0)),"") -> 0 | AV15: =IF(COUNTA(MIAE!$AS15,MIAE!$AT15)<>2,"",DAYS360(MIAE!$AS15,MIAE!$AT15,FALSE)) -> 9 | AX15: BUDGET GLOBAL | BA15: TITRE DE RECETTE
A16: 10 | Q16: =SUM(SuiviActions[[#This Row],[2 019]:[2 021]]) -> 0 | AN16: Employé 1 | AO16: Employé 1 | AP16: =SuiviActions[[#This Row],[Date de réception]] -> 0 | AQ16: =SuiviActions[[#This Row],[Estimé Début]]+10 -> 10 | AR16: =IF(COUNTA(MIAE!$AP16,MIAE!$AQ16)<>2,"",DAYS360(MIAE!$AP16,MIAE!$AQ16,FALSE)) -> 10 | AS16: 43459 | AT16: =TODAY()+22 -> 43469 | AU16: =IFERROR(IF(SuiviActions[Durée réelle (en jours)]=0,"",IF(ABS((SuiviActions[[#This Row],[Durée réelle (en jours)]]-SuiviActions[[#This Row],[Durée estimée (en jours)]])/SuiviActions[[#This Row],[Durée estimée (en jours)]])>IndicateurPourcent,1,0)),"") -> 0 | AV16: =IF(COUNTA(MIAE!$AS16,MIAE!$AT16)<>2,"",DAYS360(MIAE!$AS16,MIAE!$AT16,FALSE)) -> 9 | AX16: Réalisé | AY16: Reste à raliser | AZ16: en % | BA16: Nombre | BB16: Montant
A17: 11 | Q17: =SUM(SuiviActions[[#This Row],[2 019]:[2 021]]) -> 0 | AN17: Employé 1 | AO17: Employé 1 | AP17: =SuiviActions[[#This Row],[Date de réception]] -> 0 | AQ17: =SuiviActions[[#This Row],[Estimé Début]]+10 -> 10 | AR17: =IF(COUNTA(MIAE!$AP17,MIAE!$AQ17)<>2,"",DAYS360(MIAE!$AP17,MIAE!$AQ17,FALSE)) -> 10 | AS17: 43459 | AT17: =TODAY()+22 -> 43469 | AU17: =IFERROR(IF(SuiviActions[Durée réelle (en jours)]=0,"",IF(ABS((SuiviActions[[#This Row],[Durée réelle (en jours)]]-SuiviActions[[#This Row],[Durée estimée (en jours)]])/SuiviActions[[#This Row],[Durée estimée (en jours)]])>IndicateurPourcent,1,0)),"") -> 0 | AV17: =IF(COUNTA(MIAE!$AS17,MIAE!$AT17)<>2,"",DAYS360(MIAE!$AS17,MIAE!$AT17,FALSE)) -> 9 | BB17: =AL22 -> 0
A18: 12 | Q18: =SUM(SuiviActions[[#This Row],[2 019]:[2 021]]) -> 0 | AN18: Employé 1 | AO18: Employé 1 | AP18: =SuiviActions[[#This Row],[Date de réception]] -> 0 | AQ18: =SuiviActions[[#This Row],[Estimé Début]]+10 -> 10 | AR18: =IF(COUNTA(MIAE!$AP18,MIAE!$AQ18)<>2,"",DAYS360(MIAE!$AP18,MIAE!$AQ18,FALSE)) -> 10 | AS18: 43459 | AT18: =TODAY()+22 -> 43469 | AU18: =IFERROR(IF(SuiviActions[Durée réelle (en jours)]=0,"",IF(ABS((SuiviActions[[#This Row],[Durée réelle (en jours)]]-SuiviActions[[#This Row],[Durée estimée (en jours)]])/SuiviActions[[#This Row],[Durée estimée (en jours)]])>IndicateurPourcent,1,0)),"") -> 0 | AV18: =IF(COUNTA(MIAE!$AS18,MIAE!$AT18)<>2,"",DAYS360(MIAE!$AS18,MIAE!$AT18,FALSE)) -> 9
A19: 13 | Q19: =SUM(SuiviActions[[#This Row],[2 019]:[2 021]]) -> 0 | AN19: Employé 1 | AO19: Employé 1 | AP19: =SuiviActions[[#This Row],[Date de réception]] -> 0 | AQ19: =SuiviActions[[#This Row],[Estimé Début]]+10 -> 10 | AR19: =IF(COUNTA(MIAE!$AP19,MIAE!$AQ19)<>2,"",DAYS360(MIAE!$AP19,MIAE!$AQ19,FALSE)) -> 10 | AS19: 43459 | AT19: =TODAY()+22 -> 43469 | AU19: =IFERROR(IF(SuiviActions[Durée réelle (en jours)]=0,"",IF(ABS((SuiviActions[[#This Row],[Durée réelle (en jours)]]-SuiviActions[[#This Row],[Durée estimée (en jours)]])/SuiviActions[[#This Row],[Durée estimée (en jours)]])>IndicateurPourcent,1,0)),"") -> 0 | AV19: =IF(COUNTA(MIAE!$AS19,MIAE!$AT19)<>2,"",DAYS360(MIAE!$AS19,MIAE!$AT19,FALSE)) -> 9 | AX19: REPARTITION BUDGET
A20: 14 | Q20: =SUM(SuiviActions[[#This Row],[2 019]:[2 021]]) -> 0 | AN20: Employé 1 | AO20: Employé 1 | AP20: =SuiviActions[[#This Row],[Date de réception]] -> 0 | AQ20: =SuiviActions[[#This Row],[Estimé Début]]+10 -> 10 | AR20: =IF(COUNTA(MIAE!$AP20,MIAE!$AQ20)<>2,"",DAYS360(MIAE!$AP20,MIAE!$AQ20,FALSE)) -> 10 | AS20: =TODAY()+9 -> 43456 | AT20: =TODAY()+10 -> 43457 | AU20: =IFERROR(IF(SuiviActions[Durée réelle (en jours)]=0,"",IF(ABS((SuiviActions[[#This Row],[Durée réelle (en jours)]]-SuiviActions[[#This Row],[Durée estimée (en jours)]])/SuiviActions[[#This Row],[Durée estimée (en jours)]])>IndicateurPourcent,1,0)),"") -> 1 | AV20: =IF(COUNTA(MIAE!$AS20,MIAE!$AT20)<>2,"",DAYS360(MIAE!$AS20,MIAE!$AT20,FALSE)) -> 1 | AX20: Investissement | AY20: Fonctionnement
A21: 15 | Q21: =SUM(SuiviActions[[#This Row],[2 019]:[2 021]]) -> 0 | AN21: Employé 1 | AO21: Employé 1 | AP21: =SuiviActions[[#This Row],[Date de réception]] -> 0 | AQ21: =SuiviActions[[#This Row],[Estimé Début]]+10 -> 10 | AR21: =IF(COUNTA(MIAE!$AP21,MIAE!$AQ21)<>2,"",DAYS360(MIAE!$AP21,MIAE!$AQ21,FALSE)) -> 10 | AS21: =TODAY()+0 -> 43447 | AT21: =TODAY() -> 43447 | AU21: =IFERROR(IF(SuiviActions[Durée réelle (en jours)]=0,"",IF(ABS((SuiviActions[[#This Row],[Durée réelle (en jours)]]-SuiviActions[[#This Row],[Durée estimée (en jours)]])/SuiviActions[[#This Row],[Durée estimée (en jours)]])>IndicateurPourcent,1,0)),"") | AV21: =IF(COUNTA(MIAE!$AS21,MIAE!$AT21)<>2,"",DAYS360(MIAE!$AS21,MIAE!$AT21,FALSE)) -> 0
Q22: =SUBTOTAL(109,Q7:Q21) -> 0 | R22: =SUBTOTAL(109,R7:R21) -> 0 | S22: =SUBTOTAL(109,S7:S21) -> 0 | T22: =SUBTOTAL(109,T7:T21) -> 0 | AD22: =SUBTOTAL(109,AD7:AD21) -> 0 | AI22: =SUBTOTAL(109,AI7:AI21) -> 0 | AL22: =SUBTOTAL(109,AL7:AL21) -> 0 | AU22: =IFERROR(IF(SuiviActions[Durée réelle (en jours)]=0,"",IF(ABS((SuiviActions[[#This Row],[Durée réelle (en jours)]]-SuiviActions[[#This Row],[Durée estimée (en jours)]])/SuiviActions[[#This Row],[Durée estimée (en jours)]])>IndicateurPourcent,1,0)),"")
H24: TRANCHE DE FINANCEMENT

Sheet MMOOF

Sheet SIAS
A1: s

Sheet ST

Sheet SA

Sheet SOAAL

Sheet SEA
